 Dungeon Crawl Stone Soup version 0.30-a0-140-gd1020e658a (webtiles) character file.

Game seed: 417210753552610888

84 Decritt the Shooter (level 4, -2/23 HPs)
             Began as a Spriggan Hunter on Sept 24, 2022.
             Killed from afar by an orc wizard (8 damage)
             ... with a magic dart
             ... on level 3 of the Dungeon.
             The game lasted 00:02:44 (1967 turns).

Decritt the Shooter (Spriggan Hunter)               Turns: 1967, Time: 00:02:45

Health: -2/23      AC:  3    Str:  7    XL:     4   Next: 23%
Magic:  5/5        EV: 19    Int: 10    God:
Gold:   112        SH:  0    Dex: 20    Spells: 3/3 levels left

rFire   . . .      SeeInvis +    a - +0 shortbow
rCold   . . .      Faith    .    (shield currently unavailable)
rNeg    . . .      Spirit   .    c - +0 robe
rPois   .          Reflect  .    (helmet restricted)
rElec   .          Harm     .    g - +0 cloak
rCorr   .          Rampage  .    (gloves unavailable)
Will    .....                    (boots unavailable)
Stlth   ++........               (no amulet)
HPRegen 0.07/turn                (no ring)
MPRegen 0.09/turn                (no ring)

@: very quick
A: very small, no large weapons, unfitting armour, see invisible, speed 3
a: no special abilities


You were on level 3 of the Dungeon.
You visited 1 branch of the dungeon, and saw 3 of its levels.

You collected 112 gold pieces.

Inventory:

Hand Weapons
 a - a +0 shortbow (weapon)
Armour
 c - a +0 robe (worn)
 g - a +0 cloak (worn)
Jewellery
 e - a +6 ring of intelligence
 k - a ring of wizardry
Scrolls
 b - a scroll of immolation
 d - 2 scrolls of teleportation {unknown}
 f - 2 scrolls of identify {unknown}
 h - a scroll of amnesia {unknown}
 j - a scroll of magic mapping {unknown}
Potions
 i - 3 potions of might {unknown}


   Skills:
 + Level 2.2 Fighting
 * Level 5.0 Ranged Weapons
 + Level 3.7 Dodging
 - Level 1.5 Stealth


You had 3 spell levels left.
You didn't know any spells.
Your spell library contained the following spells:

 Spells                   Type           Power      Damage    Failure   Level
 Apportation              Tloc           0%         N/A       36%         1
 Necrotise                Necr           0%         1d4       36%         1
 Summon Small Mammal      Summ           0%         N/A       36%         1
 Ozocubu's Armour         Ice            0%         N/A       75%         3
 Metabolic Englaciation   Hex/Ice        0%         N/A       100%        5
 Simulacrum               Ice/Necr       0%         N/A       100%        6


Dungeon Overview and Level Annotations

Branches:
Dungeon (3/15)

Altars:

Shops:
D:2 ?


Innate Abilities, Weirdness & Mutations

You are very small and have problems with some larger weapons.
You are too small for most types of armour.
You have supernaturally acute eyesight. (SInv)
You cover ground extremely quickly. (Speed+++)


Message History

The arrow hits the orc.
The orc is lightly wounded.
You shoot an arrow. The arrow hits the orc.
The orc is almost dead.
You shoot an arrow. The arrow closely misses the orc.
The arrow hits the orc wizard but does no damage.
There is an open door here.
You shoot an arrow. The arrow hits the orc.
You kill the orc!
The orc wizard gestures at you while chanting.
The magic dart hits you!
A rat comes into view.
The orc wizard points at you and mumbles some strange words.
You are confused.
Your Ranged Weapons skill increases to level 5!
You're too confused to move!
You bump into the rock wall.
You feel less confused.
The orc wizard gestures wildly while chanting.
The orc wizard flickers and vanishes for a moment.
There is an open door here.
No target in view!
You start resting.
An orc wizard is nearby!
You shoot an arrow. The arrow hits the orc wizard!
The orc wizard is severely wounded.
You shoot an arrow. The arrow hits the orc wizard.
The orc wizard is almost dead.
The orc wizard points at you and mumbles some strange words.
The puff of flame hits you!
* * * LOW HITPOINT WARNING * * *
You are too injured to fight recklessly!
Fire: a) +0 shortbow
Press: ? - help, Q - select action Shift-Dir - straight line, f/p - orc wizard
Aim: an orc wizard, wielding a +0 dagger and wearing a +0 robe (almost dead, slightly transparent, 59% to hit)
You shoot an arrow.
The arrow closely misses the orc wizard.
The orc wizard casts a spell at you. The magic dart hits you!
You die...

########## ######.........#
.......#######.# #####..# #.#
#####..##### #.############
##.........# #.##.........####
##.##..###.###......†.#......#
.......# #...)..@.###.#.#.##.#
.......######.....# #.#.#.##.#
.#.##............####.#.#.##.#
.#..#..########.......#.#.##.#
.......# #.#######.#.##.#
.##.##.# #o# #.#.##.# .##.##.#
##r## #......# .......#
##...## ###.#### ###.####
##...r.## #.#


You could see an orc wizard (invisible) and a rat.

Vanquished Creatures
  A gnoll (D:1)
  3 adders
  2 worms (D:2)
  A dart slug (D:2)
  3 orcs (D:3)
  2 endoplasms
  2 giant cockroaches (D:1)
  2 goblins (D:1)
  3 hobgoblins
  2 jackals (D:1)
  3 ball pythons
  4 bats
  4 frilled lizards
  2 kobolds
  5 rats
39 creatures vanquished.

Notes
Turn   | Place    | Note
-------+----------+-------------------------------------------
     0 | D:1      | Decritt the Spriggan Hunter began the quest for the Orb.
     0 | D:1      | Reached XP level 1. HP: 10/10 MP: 2/2
   157 | D:1      | Reached XP level 2. HP: 11/15 MP: 3/3
   311 | D:1      | Found a faded altar of an unknown god.
   492 | D:1      | Reached XP level 3. HP: 18/18 MP: 4/4
  1335 | D:2      | Found Polinyosm's Magic Scroll Emporium.
  1828 | D:3      | Reached XP level 4. HP: 23/23 MP: 5/5
  1948 | D:3      | Reached skill level 5 in Ranged Weapons
  1967 | D:3      | Killed from afar by an orc wizard

Illustrated notes

Levels and vault maps discovered:
D:1:      psy_arrival_wood_between_worlds, layout_loops_ring,
          shapermc_ecumenical_altar_mp_highgroup
D:2:      layout_loops_ring, serial_shops, shop
D:3:      layout_loops_corners

Skill      XL: |  1  2  3  4 |
---------------+-------------+-----
Dodging        | 3 |  3.7
Fighting       | 2 |  2.2
Ranged Weapons | 5 |  5.0
Stealth        | |  1.5

Action                   |  1- 3 |  4- 6 || total
-------------------------+-------+-------++-------
 Fire: Shortbow          |    91 |    18 ||   109
Armor: Robe              |     3 |       ||     3
Dodge: Dodged            |    22 |     1 ||    23

Table legend: (Time is in decaauts)
 A = Elapsed time spent in this place.
 B = Non-inter-level travel time spent in this place.
 C = Inter-level travel time spent in this place.
 D = Time resting spent in this place.
 E = Time spent auto-exploring this place.
 F = Levels seen in this place.
 G = Mean time per level.
                   A        B        C        D        E       F      G
               +--------+--------+--------+--------+--------+-----+--------+
         Total |   1362 |   1309 |     53 |     65 |   1026 |   3 |  454.0 |
       Dungeon |   1362 |   1309 |     53 |     65 |   1026 |   3 |  454.0 |
               +--------+--------+--------+--------+--------+-----+--------+

Top non-repeatable levels by time:
     D:2: 622 daAuts
     D:1: 583 daAuts
     D:3: 156 daAuts
